 Dungeon Crawl Stone Soup version 0.28.0 (webtiles) character file.

Game seed: 12904099841528995381

68 psuckher the Sneak (level 4, 0/44 HPs)
             Began as a Troll Delver on Feb 16, 2022.
             Killed by nerve-wracking pain
             ... invoked by Grinder
              (11 damage)
             ... on level 4 of the Dungeon.
             The game lasted 00:01:44 (368 turns).

psuckher the Sneak (Troll Delver)                    Turns: 368, Time: 00:01:44

Health: 0/44       AC:  4    Str: 22    XL:     4   Next: 1%
Magic:  3/3        EV: 10    Int:  6    God:
Gold:   0          SH:  0    Dex: 11    Spells: 3/3 levels left

rFire   . . .      SeeInvis .     - Unarmed
rCold   . . .      Faith    .   (no shield)
rNeg    . . .      Spirit   .   a - +0 robe
rPois   .          Reflect  .   (helmet restricted)
rElec   .          Harm     .   (no cloak)
rCorr   .          Rampage  .   (gloves unavailable)
Will    .....                   (boots unavailable)
Stlth   ++........              (no amulet)
HPRegen 0.94/turn               (no ring)
MPRegen 0.08/turn               (no ring)

@: no status effects
A: large, unfitting armour, claws 3, regeneration 1, shaggy fur 1, tough skin 1
a: no special abilities


You were on level 4 of the Dungeon.
You visited 1 branch of the dungeon, and saw 2 of its levels.

Inventory:

Armour
 a - a +0 robe (worn)
Jewellery
 g - an amulet of faith
Wands
 f - a wand of digging (3)
Scrolls
 b - 4 scrolls of fog
 c - 2 scrolls of magic mapping
 d - a scroll of fear
Potions
 e - a potion of haste
 h - a potion of curing {unknown}


   Skills:
 * Level 2.8 Fighting
 + Level 1.7 Dodging
 + Level 3.3 Stealth
 * Level 2.4 Unarmed Combat


You had 3 spell levels left.
You didn't know any spells.
Your spell library was empty.

Dungeon Overview and Level Annotations

Branches:
Dungeon (5/15)
 Temple: D:4-7

Altars:

Annotations:
D:4 Grinder
D:5 Blork the orc


Innate Abilities, Weirdness & Mutations

You are too large for most types of armour.
You have claws for hands.
Your natural rate of healing is unusually fast.
You are covered in fur. (AC +1)
You have tough skin. (AC +1)


Message History

You closely miss Grinder.
Grinder is moderately wounded.
You scratch Grinder.
Grinder is heavily wounded.
Grinder hits you.
You closely miss Grinder.
Grinder is heavily wounded.
Grinder hits you but does no damage.
You closely miss Grinder.
Grinder is heavily wounded.
Grinder says, "At least Makhleb appreciates what I'm doing."
Grinder barely misses you.
You barely miss Grinder.
Grinder is moderately wounded.
Grinder hits you but does no damage.
You barely miss Grinder. Your claw misses Grinder.
Grinder is moderately wounded.
Grinder hits you.
You writhe in agony.
The black bear bites you. The black bear barely misses you. x2
You scratch Grinder.
Grinder is heavily wounded.
Grinder hits you!
You writhe in agony.
The black bear bites you but does no damage.
The black bear claws you. The black bear closely misses you.
You scratch Grinder.
Grinder is heavily wounded.
Grinder grins, showing sharp teeth.
Grinder barely misses you. The black bear bites you!
* * * LOW HITPOINT WARNING * * *
The black bear barely misses you. The black bear closely misses you.
You scratch Grinder.
Grinder is severely wounded.
Grinder closely misses you. The black bear bites you.
* * * LOW HITPOINT WARNING * * *
The black bear closely misses you. The black bear barely misses you.
You claw the black bear!
The black bear is heavily wounded.
Grinder gestures at you. Pain shoots through your body!
You die...

##. #.. #.# #.#
#.# # #.#
..##.##.#
#.....5@#
####..#h# ##
#.#
.............h.
######.........
##........
#........
##.......
#...#..


You could see Grinder and a black bear.

Vanquished Creatures
  2 hounds (D:5)
  A worm (D:5)
  A dart slug (D:5)
  2 orcs (D:5)
6 creatures vanquished.

Notes
Turn   | Place    | Note
-------+----------+-------------------------------------------
     0 | D:5      | psuckher the Troll Delver began the quest for the Orb.
     0 | D:5      | Reached XP level 1. HP: 22/22 MP: 0/0
   165 | D:5      | Noticed a hound
   181 | D:5      | Killed a hound
   182 | D:5      | Reached skill level 3 in Stealth
   182 | D:5      | Reached XP level 2. HP: 17/29 MP: 1/1
   182 | D:5      | Reached XP level 3. HP: 22/36 MP: 2/2
   311 | D:5      | Reached XP level 4. HP: 40/44 MP: 3/3
   314 | D:5      | Noticed Blork the orc
   355 | D:4      | Noticed Grinder
   355 | D:4      | Noticed a black bear
   368 | D:4      | Killed from afar by Grinder

Illustrated notes

Levels and vault maps discovered:
D:4:      kennysheep_big_flooded_room, layout_rooms, overflow_temple_1_default,
          serial_corexii_hall, corexii_hall_statues_l, corexii_hall_statues_u,
          uniq_eustachio, uniq_robin, uniq_grinder
D:5:      cheibrodos_helix_gallery, layout_layer_cave,
          mainiacjoe_overflow_cross_hatched, gammafunk_ghost_smash,
          nrook_loot_triangle, uniq_blork_the_orc

Skill      XL: |  1 |
---------------+----+-----
Stealth        | 3 |  3.3
Fighting       | |  2.8
Dodging        | |  1.7
Unarmed Combat | |  2.4

Action                   |  1- 3 |  4- 6 || total
-------------------------+-------+-------++-------
Melee: Unarmed           |    34 |    11 ||    45
 Stab: Sleeping          |     1 |       ||     1
Armor: Robe              |     8 |     3 ||    11
Dodge: Dodged            |    14 |    12 ||    26
